 Dungeon Crawl Stone Soup version 0.27.1-34-g3ba077fa99 (webtiles) character file.

Game seed: 2842420548023724119

2286 alasdair19 the Carver (level 9, -6/78 HPs)
             Began as a Minotaur Fighter on Jan 29, 2022.
             Mangled by an ogre (14 damage)
             ... on level 6 of the Dungeon.
             The game lasted 00:17:14 (6707 turns).

alasdair19 the Carver (Minotaur Fighter)            Turns: 6707, Time: 00:17:14

Health: -6/78      AC: 12    Str: 23    XL:     9   Next: 17%
Magic:  8/8        EV:  7    Int:  6    God:
Gold:   465        SH: 11    Dex: 10    Spells: 8/8 levels left

rFire    . . .     SeeInvis .   a - +1 long sword
rCold    . . .     Faith    .   c - +0 kite shield
rNeg     . . .     Spirit   .   j - +0 chain mail
rPois    .         Reflect  .   (helmet restricted)
rElec    .         Harm     .   (no cloak)
rCorr    .         Rampage  .   (no gloves)
Will     .....                  t - +0 pair of boots
Stlth    ..........             q - amulet of the acrobat
HPRegen  0.23/turn              (no ring)
MPRegen  0.11/turn              (no ring)

@: no status effects
A: horns 2, retaliatory headbutt
a: no special abilities


You were on level 6 of the Dungeon.
You visited 2 branches of the dungeon, and saw 7 of its levels.
You also visited: Ossuary.

You collected 465 gold pieces.

Inventory:

Hand Weapons
 a - a +1 long sword (weapon)
Missiles
 v - 6 boomerangs (quivered)
Armour
 b - a +0 scale mail
 c - a +0 kite shield (worn)
 j - a +0 chain mail (worn)
 t - a +0 pair of boots (worn)
Jewellery
 d - an amulet of magic regeneration
 q - an amulet of the acrobat (around neck)
Wands
 h - a wand of polymorph (19)
 u - a wand of charming (11)
Scrolls
 f - 2 scrolls of enchant weapon
 o - a scroll of fog {unknown}
 p - a scroll of acquirement {unknown}
 r - a scroll of magic mapping {unknown}
 s - a scroll of teleportation
Potions
 e - a potion of ambrosia
 g - 3 potions of invisibility
 i - 2 potions of might
 k - a potion of resistance
 l - 2 potions of cancellation
 m - 2 potions of mutation
 n - 4 potions of curing


   Skills:
 + Level 6.4 Fighting
 + Level 8.0 Long Blades
 + Level 7.9 Armour
 - Level 1.4 Dodging
 + Level 7.3 Shields
 + Level 0.8 Unarmed Combat
 * Level 4.1 Evocations


You had 8 spell levels left.
You didn't know any spells.
Your spell library contained the following spells:

 Spells                   Type           Power      Damage    Failure   Level
 Apportation              Tloc           0%         N/A       100%        1
 Alistair's Intoxication  Tmut/Pois      0%         N/A       100%        5
 Invisibility             Hex            0%         N/A       100%        6


Dungeon Overview and Level Annotations

Branches:
Dungeon (6/15)             Temple (1/1) D:5         Ossuary (visited)

Altars:
Ashenzari
Cheibriados
Dithmenos
Elyvilon
Fedhas
Gozag
Hepliaklqana
Qazlal
Ru
Sif Muna
Vehumet
Wu Jian
Zin


Innate Abilities, Weirdness & Mutations

You have a pair of horns on your head.
You reflexively headbutt those who attack you in melee.


Message History

The orc warrior is severely wounded.
The orc warrior hits you with a +0 glaive!
* * * LOW HITPOINT WARNING * * *
You feel better. You block the orc warrior's attack.
You hit the orc warrior but do no damage.
You headbutt the orc warrior, but do no damage.
The orc warrior is severely wounded.
You block the orc warrior's attack.
You hit the orc warrior but do no damage.
Your headbutt misses the orc warrior.
The orc warrior is severely wounded.
The orc warrior hits you with a +0 glaive.
* * * LOW HITPOINT WARNING * * *
You block the orc warrior's attack.
You hit the orc warrior but do no damage.
Your headbutt misses the orc warrior.
The orc warrior is severely wounded.
You block the orc warrior's attack.
You hit the orc warrior.
You headbutt the orc warrior, but do no damage.
The orc warrior is severely wounded.
The orc warrior hits you with a +0 glaive.
* * * LOW HITPOINT WARNING * * *
You hit the orc warrior but do no damage.
The orc warrior is severely wounded.
The orc warrior barely misses you.
Unknown command.
You slash the orc warrior!
You kill the orc warrior!
Your Long Blades skill increases to level 8!
Items here: )) [ †.
An orc wizard appears from thin air!
Reactivating autopickup.
The orc wizard casts a spell.
The orc wizard flickers and vanishes!
Deactivating autopickup; reactivate with Ctrl-A.
You see here a +0 flail.
There is a stone staircase leading up here.
The ogre hits you with a +0 giant club!
You die...

#.# #. ##
#######.#######. #.
................
###.########.######.#
#...<......>..)......
#.#....###...######..
#.)........# ###..
#...)####..####...)
#.@O).........#....
#.#######..........
#. .....###.....# ##
####.# ####### #.#
... ... #...


You could see an ogre.

Vanquished Creatures
  Pikel (D:5)
  A troll (D:6)
  Duvessa (D:4)
  A water moccasin (D:5)
  An orc warrior (D:6)
  A black bear (D:4)
  A necrophage (D:5)
  2 phantoms (D:4)
  A lemure (D:4)
  A scorpion (D:4)
  A water moccasin zombie (D:5)
  Dowan (D:5)
  A howler monkey (D:4)
  2 bullfrog zombies (D:5)
  3 hounds
  2 orc priests
  Ijyb (D:5)
  Terence (D:2)
  4 orc wizards
  Natasha (thrice) (D:2)
  9 mummies
  Robin (D:2)
  6 gnolls
  9 adders
  3 worms
  An adder skeleton (D:5)
  4 dart slugs
  7 orcs
  7 bats
  9 endoplasms
  3 giant cockroaches
  2 gnoll zombies (Ossuary)
  8 hobgoblins
  5 jackals (D:2)
  4 quokkas
  14 ball pythons
  4 frilled lizards
  15 goblins
  2 hobgoblin zombies (Ossuary)
  3 kobolds
  A kobold zombie (Ossuary)
  3 orc zombies (Ossuary)
  5 rats
155 creatures vanquished.

Notes
Turn   | Place    | Note
-------+----------+-------------------------------------------
     0 | D:1      | alasdair19 the Minotaur Fighter began the quest for the
                  | Orb.
     0 | D:1      | Reached XP level 1. HP: 19/19 MP: 0/0
   225 | D:1      | Reached XP level 2. HP: 27/27 MP: 1/1
   792 | D:2      | Reached skill level 3 in Long Blades
   792 | D:2      | Reached XP level 3. HP: 10/33 MP: 2/2
   796 | D:2      | HP: 1/33 [goblin (3)]
  1023 | D:2      | Noticed Terence
  1039 | D:2      | Killed Terence
  1040 | D:2      | Reached XP level 4. HP: 40/40 MP: 3/3
  1086 | D:2      | Noticed Robin
  1088 | D:2      | Noticed Natasha
  1112 | D:2      | Killed Natasha
  1115 | D:2      | Killed Robin
  1116 | D:2      | Reached skill level 4 in Long Blades
  1116 | D:2      | Reached skill level 1 in Dodging
  1121 | D:2      | Noticed Natasha
  1139 | D:2      | Killed Natasha
  1140 | D:2      | Reached XP level 5. HP: 11/47 MP: 4/4
  1777 | D:2      | Noticed Natasha
  1784 | D:2      | Killed Natasha
  2394 | D:3      | Found a shadowy altar of Dithmenos.
  2411 | D:3      | Found a faded altar of an unknown god.
  2593 | D:4      | Reached skill level 5 in Shields
  2593 | D:4      | Reached XP level 6. HP: 41/53 MP: 5/5
  2634 | D:4      | Found a stormy altar of Qazlal.
  2676 | D:4      | Found a sand-covered staircase.
  2682 | Ossuary  | Entered an ossuary
  2851 | Ossuary  | Reached skill level 5 in Long Blades
  3093 | Ossuary  | Reached skill level 5 in Armour
  3113 | Ossuary  | Reached skill level 1 in Evocations
  3407 | D:4      | Reached skill level 5 in Fighting
  3407 | D:4      | Reached XP level 7. HP: 29/61 MP: 6/6
  3732 | D:4      | Found a snail-covered altar of Cheibriados.
  4009 | D:4      | Found an opulent altar of Gozag.
  4014 | D:4      | Reached skill level 6 in Long Blades
  4203 | D:5      | Entered Level 5 of the Dungeon
  4205 | D:5      | Noticed Pikel
  4258 | D:5      | Found a staircase to the Ecumenical Temple.
  4271 | Temple   | Entered the Ecumenical Temple
  5066 | D:5      | Killed Pikel
  5067 | D:5      | Reached XP level 8. HP: 23/70 MP: 7/7
  5088 | D:4      | Reached skill level 7 in Long Blades
  5337 | D:5      | Noticed Duvessa
  5337 | D:5      | Noticed Dowan
  5350 | D:5      | Killed Dowan
  5697 | D:4      | Killed Duvessa
  6129 | D:5      | Noticed Ijyb
  6145 | D:5      | Killed Ijyb
  6521 | D:6      | Noticed a troll
  6531 | D:6      | Killed a troll
  6532 | D:6      | Reached XP level 9. HP: 65/77 MP: 8/8
  6681 | D:6      | HP: 2/77 [orc warrior (4)]
  6684 | D:6      | Reached skill level 8 in Long Blades
  6707 | D:6      | Mangled by an ogre

Illustrated notes

Levels and vault maps discovered:
D:1:      saegor_arrival_simple_a, layout_loops_ring, kennysheep_another_room
D:2:      layout_loops_ring, minmay_hexomino_u4, uniq_natasha, uniq_robin,
          uniq_terence
D:3:      layout_rooms, nicolae_dithmenos_the_darkroom,
          dreamdust_ecumenical_altar_statues
D:4:      minmay_evil_eye, layout_basic, nicolae_gozag_seed_capital,
          kennysheep_slug_shrine, kennysheep_mini, gup_ossuary_entry_pyramid
D:5:      layout_rooms, minmay_temple_entry_butterflies, uniq_ijyb,
          uniq_duvessa, uniq_pikel
D:6:      layout_basic, mainiacjoe_overflow_swirl, mrwooster_statue_mirror
Temple:   jpeg_temple_island

Skill      XL: |  1  2  3  4  5  6  7  8  9 |
---------------+----------------------------+-----
Fighting       | 4 5 6 |  6.4
Armour         | 4 5 6 7 |  7.9
Long Blades    | 3 4 5 6 7 8 |  8.0
Shields        | 4 5 6 7 |  7.3
Dodging        | 1 |  1.4
Evocations     | 1 3 4 |  4.1
Unarmed Combat | |  0.8

Action                   |  1- 3 |  4- 6 |  7- 9 || total
-------------------------+-------+-------+-------++-------
Melee: Long sword        |    93 |   195 |   235 ||   523
       Headbutt          |    11 |    35 |    45 ||    91
       Unarmed           |     5 |       |       ||     5
  Use: Scroll            |     3 |     8 |     2 ||    13
       Potion            |     1 |     3 |     4 ||     8
Armor: Scale mail        |    58 |       |       ||    58
       Chain mail        |       |   109 |   175 ||   284
Dodge: Dodged            |    39 |    45 |   102 ||   186
Block: Kite shield       |    53 |   121 |   156 ||   330
       Rpst.: Long sword |     9 |    12 |    24 ||    45
